 Dungeon Sprint DCSS version 0.26-a0-1013-gf6ffb0d6bd (webtiles) character file.

Game seed: 17505964153866908686

90117756 mhtbhm the Conqueror (level 22, 233/233 HPs)
             Began as a Minotaur Fighter on Dec 7, 2020.
             Was the Champion of the Shining One.
             Escaped with the Orb
             ... and 17 runes on Dec 8, 2020!
             The game lasted 00:51:15 (20309 turns).

mhtbhm the Conqueror (Minotaur Fighter)            Turns: 20309, Time: 00:51:15

Health: 233/233    AC: 30    Str: 35    XL:     22   Next: 83%
Magic:  39/39      EV: 35    Int:  2    God:    the Shining One [******]
Gold:   615        SH: 42    Dex: 18    Spells: 30/50 levels left

rFire    + + .     SeeInvis .   J - +9 double sword (holy)
rCold    + + +     Faith    .   c - +8 tower shield {reflect}
rNeg     + + +     Spirit   .   b - +3 scale mail "Faunnohi" {rPois rC+ Dex+3 Slay+2}
rPois    +         Reflect  +   L - +2 hat
rElec    +         Harm     .   t - +1 cloak {rCorr}
rCorr    +         Rampage  .   I - +2 pair of gloves
Will     +....     NoTele   +   H - +2 pair of boots
Stlth    ++........             p - amulet "Jigg" {Reflect rF+ rN+ Dex+3 SH+5}
HPRegen  0.48/turn              n - ring of Tituwn {Fire *Drain rElec Str+8 Int-3}
MPRegen  0.26/turn              D - ring of the Nine Nightmares {+Fly rElec rC+++ EV+3 Dex-2}

@: glowing
A: retaliatory headbutt, horns 2
0: Orb of Zot
}: 17/17 runes: decaying, serpentine, barnacled, slimy, elven, silver, golden,
iron, obsidian, icy, bone, abyssal, glowing, magical, fiery, dark, gossamer
a: Divine Shield, Cleansing Flame, Summon Divine Warrior, Renounce Religion,
Evoke Flight


You escaped.
You worshipped the Shining One.
The Shining One was exalted by your worship.
You visited 1 branch You collected 1995 gold pieces.
You spent 1380 gold pieces at shops.

Inventory:

Hand Weapons
 J - a +9 double sword of holy wrath (weapon)
Missiles
 d - 25 silver javelins
 E - 30 javelins (quivered)
Armour
 a - +0 gold dragon scales
 b - the +3 scale mail "Faunnohi" (worn) {rPois rC+ Dex+3 Slay+2}
   (You found it in the Dungeon)

   It affects your dexterity (+3).
   It affects your accuracy and damage with ranged weapons and melee attacks
   (+2).
   It protects you from cold.
   It protects you from poison.
 c - a +8 tower shield of reflection (worn)
 t - a +1 cloak of preservation (worn)
 H - a +2 pair of boots (worn)
 I - a +2 pair of gloves (worn)
 L - a +2 hat (worn)
Jewellery
 n - the ring of Tituwn (left hand) {Fire *Drain rElec Str+8 Int-3}
   (You found it in the Dungeon)

   [ring of fire]

   It enhances your fire magic.
   It affects your strength (+8).
   It affects your intelligence (-3).
   It protects you from fire.
   It makes you vulnerable to cold.
   It insulates you from electricity.
   It causes draining when unequipped.
 p - the amulet "Jigg" (around neck) {Reflect rF+ rN+ Dex+3 SH+5}
   (You found it in the Dungeon)

   [amulet of reflection]

   It shields you and reflects attacks.
   It affects your dexterity (+3).
   It protects you from fire.
   It protects you from negative energy.
   It affects your SH (+5).
 y - an uncursed ring of willpower
 D - the ring of the Nine Nightmares (right hand) {+Fly rElec rC+++ EV+3 Dex-2}
   (You found it in the Dungeon)

   [ring of evasion]

   It affects your evasion (+3).
   It affects your dexterity (-2).
   It renders you almost immune to cold.
   It insulates you from electricity.
   It lets you fly.
Scrolls
 j - 4 scrolls of blinking
 k - 8 scrolls of remove curse
 l - 2 scrolls of amnesia
 u - 3 scrolls of fear
 C - 4 scrolls of identify
Potions
 f - 7 potions of heal wounds
 g - 5 potions of haste
 h - 9 potions of magic
 q - 4 potions of brilliance
 s - 3 potions of mutation
 w - a potion of attraction
 B - 2 potions of resistance
Miscellaneous
 v - a phantom mirror


   Skills:
 O Level 27 Fighting
 - Level 11.5(19.9) Short Blades
 O Level 27 Long Blades
 - Level 12.4(16.0) Axes
 - Level 12.4(15.9) Maces & Flails
 - Level 12.4(15.8) Polearms
 - Level 11.8(15.6) Staves
 - Level 10.9(21.9) Slings
 - Level 1.0 Bows
 - Level 1.0 Crossbows
 O Level 27 Throwing
 O Level 27 Armour
 O Level 27 Dodging
 O Level 27 Stealth
 O Level 27 Shields
 - Level 1.1 Unarmed Combat
 + Level 14.7 Spellcasting
 - Level 0.5 Conjurations
 + Level 14.7 Hexes
 + Level 15.9 Summonings
 - Level 0.7 Necromancy
 - Level 0.7 Translocations
 + Level 17.1 Transmutations
 + Level 15.6 Fire Magic
 - Level 0.7 Ice Magic
 - Level 0.7 Air Magic
 - Level 0.8 Earth Magic
 - Level 0.7 Poison Magic
 O Level 27 Invocations
 + Level 18.5 Evocations


You had 30 spell levels left.
You knew the following spells:

 Your Spells              Type           Power        Failure   Level
a - Corona                Hex            #......      1%          1
b - Inner Flame           Hex/Fire       ##......     1%          3
c - Portal Projectile     Hex/Tloc       #.....       2%          3
d - Summon Mana Viper     Hex/Summ       #.......     1%          5
e - Lesser Beckoning      Tloc           #.........   38%         3
f - Summon Forest         Summ/Tloc      #.........   17%         5

Your spell library contained the following spells:

 Spells                   Type           Power        Failure   Level


Dungeon Overview and Level Annotations

Branches:
Dungeon (1/1)

Altars:
Cheibriados
Dithmenos
Elyvilon
Fedhas
Gozag
Hepliaklqana
Kikubaaqudgha
Makhleb
Nemelex Xobeh
Okawaru
Qazlal
Ru
Sif Muna
Trog
Uskayaw
Vehumet
Wu Jian
Xom
Yredelemnul
Zin
The Shining One
Beogh
Jiyva
Lugonu

Shops:
D ?(!*


Innate Abilities, Weirdness & Mutations

You reflexively headbutt those who attack you in melee.
You have a pair of horns on your head.


Message History

You block the red devil's attack.
Things that are here:
a +0 antimagic demon whip; a +0 trident The red devil hops backward while attacking.
You block the red devil's attack.
There is an open door to the Dungeon, spattered with blood here.
You hit the red devil.
The red devil convulses.
Your headbutt misses the red devil.
The red devil is lightly wounded.
The red devil hops backward while attacking.
You block the red devil's attack.
The red devil hops backward while attacking.
You block the red devil's attack. You block the red devil's attack.
You carve the red devil like a ham!!!
You kill the red devil!
The Shining One accepts your kill.
You see here a +0 demon trident.
There is a staircase leading out of the dungeon here.
You have escaped!

▓...........).')[[
▓.▓▓▓▓▓▓▓▓▓▓▓▓▓▓▓▓
▓.........[.......
▓▓▓▓▓▓▓▓▓▓▓▓▓▓▓▓▓▓
▓.......'.....()..
▓.▓▓▓▓▓▓▓▓▓▓▓▓▓▓▓▓
▓.................
▓▓▓▓▓▓▓▓▓▓▓▓▓▓▓▓▓▓
▓@)..'.)..('(....'
▓▓▓▓▓▓▓▓▓▓▓▓▓▓▓▓▓▓


There were no monsters in sight!

Vanquished Creatures
  Cerebov (D)
  Antaeus (D)
  Asmodeus (D)
  the Royal Jelly (D)
  Ereshkigal (D)
  Gloorx Vloq (D)
  Mnoleg (D)
  Lom Lobon (D)
  Dispater (D)
  A pandemonium lord (D)
  2 orbs of fire (D)
  Mennas (D)
  Mara (D)
  4 ancient liches (D)
  A juggernaut (D)
  4 royal mummies (D)
  Boris (D)
  A Killer Klown (D)
  Margery (D)
  Xtahua (D)
  Geryon (D)
  2 golden dragons (D)
  Jory (D)
  A profane servitor (D)
  A Brimstone Fiend (D)
  An electric golem (D)
  A hellephant (D)
  2 Hell Sentinels (D)
  3 tentacled monstrosities (D)
  2 Ice Fiends (D)
  2 deep elf blademasters (D)
  2 quicksilver dragons (D)
  30 Orb Guardians (D)
  15 sphinxes (D)
  12 acid blobs (D)
  A deep elf master archer (D)
  A lich (D)
  2 Executioners (D)
  3 death cobs (D)
  Ilsuiw (D)
  3 storm dragons (D)
  4 nagarajas (D)
  A fire giant (D)
  10 shadow dragons (D)
  8 azure jellies (D)
  Donald (D)
  3 frost giants (D)
  A cacodemon (D)
  2 draconian shifters (D)
  3 vault wardens (D)
  2 ghost moths (D)
  A draconian knight (D)
  2 draconian scorchers (D)
  A draconian stormcaller (D)
  3 balrugs (D)
  Louise (D)
  4 emperor scorpions (D)
  2 ironheart preservers (D)
  A very ugly thing (D)
  5 green draconians (D)
  4 stone giants (D)
  12 vampire knights (D)
  2 blood saints (D)
  An entropy weaver (D)
  2 draconian annihilators (D)
  3 black draconians (D)
  A deep elf annihilator (D)
  4 yellow draconians (D)
  3 purple draconians (D)
  4 red draconians (D)
  A spark wasp (D)
  Snorg (D)
  A bunyip (D)
  6 white draconians (D)
  3 eleionomae (D)
  2 merfolk impalers (D)
  3 mummy priests (D)
  7 deep elf death magi (D)
  2 ettins (D)
  4 merfolk javelineers (D)
  4 death oozes (D)
  2 yaktaur captains (D)
  2 fire dragons (D)
  4 great orbs of eyes (D)
  3 rakshasas (D)
  3 deep elf high priests (D)
  A hell beast (D)
  Erolcha (D)
  3 naga warriors (D)
  25 vault guards (D)
  7 hydras (D)
  2 boulder beetles (D)
  2 ice dragons (D)
  A monstrous demonspawn (D)
  An anaconda (D)
  A death knight (D)
  4 merfolk aquamancers (D)
  2 spriggan air magi (D)
  2 centaur warriors (D)
  A merfolk avatar (D)
  A catoblepas (D)
  2 tengu warriors (D)
  2 ogre magi (D)
  4 hell hogs (D)
  4 sun demons (D)
  2 soul eaters (D)
  A spriggan berserker (D)
  2 shock serpents (D)
  Urug (D)
  3 hell knights (D)
  2 sixfirhies (D)
  A spriggan druid (D)
  9 swamp dragons (D)
  An infernal demonspawn (D)
  3 ironbrand convokers (D)
  A glowing orange brain (D)
  7 starcursed masses (D)
  A wizard (D)
  A bog body (D)
  2 sea snakes (D)
  2 necromancers (D)
  4 harpies (D)
  9 orc sorcerers (D)
  7 orc knights (D)
  3 wolf spiders (D)
  An ugly thing (D)
  A cyclops (D)
  A will-o-the-wisp (D)
  A manticore (D)
  An elephant (D)
  Joseph (D)
  10 moths of wrath (D)
  2 guardian serpents (D)
  A rust devil (D)
  2 vault sentinels (D)
  2 naga magi (D)
  A gargoyle (D)
  5 black mambas (D)
  An orange demon (D)
  An efreet (D)
  5 cane toads (D)
  A hellion (D)
  4 demonic crawlers (D)
  3 komodo dragons (D)
  5 yaktaurs (D)
  2 hellwings (D)
  An ice devil (D)
  2 freezing wraiths (D)
  3 small abominations (D)
  19 guardian mummies (D)
  2 red devils (D)
  A troll (D)
  A polar bear (D)
  A wandering mushroom (D)
  A meliai (D)
  2 jumping spiders (D)
  2 merfolk (D)
  A wind drake (D)
  3 hornets (D)
  A blink frog (D)
  2 snapping turtles (D)
  2 slime creatures (D)
  4 large abominations (D)
  2 redbacks (D)
  12 spriggans (D)
  A ynoxinul (D)
  2 tarantellas (D)
  Eustachio (D)
  A golden eye (shapeshifter) (D)
  7 golden eyes (D)
  2 chaos spawn (D)
  5 wargs (D)
  2 nagas (D)
  An acid dragon (D)
  A floating eye (shapeshifter) (D)
  2 soldier ants (shapeshifter) (D)
  A hell hound (D)
  3 water moccasins (D)
  10 orc warriors (D)
  A floating eye (D)
  2 eyes of draining (D)
  A phantom (D)
  A sky beast (D)
  A black bear (D)
  An ogre (D)
  3 wolves (D)
  A centaur (D)
  A big kobold (D)
  A bullfrog (D)
  A wight (D)
  A hound (D)
  An iron imp (D)
  2 jellies (D)
  6 orc wizards (D)
  6 orc priests (D)
  An iguana (D)
  A worker ant (D)
  A white imp (D)
  An ufetubus (D)
  An adder zombie (D)
  5 orcs (D)
  A bat (D)
  A bat skeleton (D)
  A giant cockroach (D)
  A hobgoblin (D)
  A quokka (D)
  2 frilled lizards (D)
  2 rats (D)
  A crawling corpse (D)
  A fire vortex (D)
584 creatures vanquished.

Vanquished Creatures (collateral kills)
  A royal mummy (D)
  An orc sorcerer (D)
  A moth of wrath (D)
  A guardian mummy (D)
4 creatures vanquished.

Vanquished Creatures (others)
  A tentacled monstrosity (D)
  A moth of wrath (D)
  A guardian serpent (D)
  A red devil (D)
  A foxfire (D)
5 creatures vanquished.

Grand Total: 593 creatures vanquished

Notes
Turn   | Place    | Note
-------+----------+-------------------------------------------
     0 | D        | mhtbhm the Minotaur Fighter began the quest for the Orb.
     0 | D        | Reached XP level 1. HP: 19/19 MP: 0/0
    21 | D        | Noticed a hound
    21 | D        | Noticed a centaur
    21 | D        | Noticed a phantom
    33 | D        | Killed a hound
    34 | D        | Reached skill level 5 in Fighting
    34 | D        | Reached skill level 5 in Armour
    34 | D        | Reached skill level 5 in Shields
    34 | D        | Reached XP level 2. HP: 13/29 MP: 1/1
    34 | D        | Reached XP level 3. HP: 17/36 MP: 2/2
    39 | D        | Killed a centaur
    40 | D        | Reached skill level 5 in Long Blades
    40 | D        | Reached skill level 1 in Dodging
    40 | D        | Reached XP level 4. HP: 17/44 MP: 3/3
    61 | D        | Found a roughly hewn altar of Beogh.
    61 | D        | Found a snail-covered altar of Cheibriados.
    61 | D        | Found a shadowy altar of Dithmenos.
    61 | D        | Found a white marble altar of Elyvilon.
    61 | D        | Found a blossoming altar of Fedhas.
    61 | D        | Found an opulent altar of Gozag.
    62 | D        | Found a hazy altar of Hepliaklqana.
    63 | D        | Found a viscous altar of Jiyva.
    64 | D        | Found an ancient bone altar of Kikubaaqudgha.
    65 | D        | Found a corrupted altar of Lugonu.
    66 | D        | Found a burning altar of Makhleb.
    67 | D        | Found a sparkling altar of Nemelex Xobeh.
    68 | D        | Found an iron altar of Okawaru.
    69 | D        | Found a stormy altar of Qazlal.
    70 | D        | Found a sacrificial altar of Ru.
    71 | D        | Found a shimmering blue altar of Sif Muna.
    72 | D        | Found a bloodstained altar of Trog.
    73 | D        | Found a hide-covered altar of Uskayaw.
    74 | D        | Found a radiant altar of Vehumet.
    75 | D        | Found an ornate altar of the Wu Jian Council.
    76 | D        | Found a shimmering altar of Xom.
    77 | D        | Found a basalt altar of Yredelemnul.
    78 | D        | Found a glowing silver altar of Zin.
    79 | D        | Found a glowing golden altar of the Shining One.
    89 | D        | Killed a phantom
    90 | D        | Reached XP level 5. HP: 20/52 MP: 4/4
   131 | D        | Became a worshipper of the Shining One
   280 | D        | Got the +2 scimitar of Bodily Humours {freeze, WL+ Int+5
                  | Dex-3}
   306 | D        | Reached * piety under the Shining One
   306 | D        | Noticed a sky beast
   306 | D        | Noticed an ogre
   313 | D        | Reached XP level 6. HP: 61/61 MP: 5/5
   318 | D        | Killed a sky beast
   319 | D        | Reached skill level 10 in Shields
   321 | D        | Reached XP level 7. HP: 69/69 MP: 6/6
   528 | D        | Reached ** piety under the Shining One
   528 | D        | Noticed a troll
   528 | D        | Noticed an eight-headed hydra
   528 | D        | Reached *** piety under the Shining One
   531 | D        | Reached skill level 10 in Long Blades
   548 | D        | Killed a 13-headed hydra
   549 | D        | Reached skill level 1 in Evocations
   549 | D        | Reached XP level 8. HP: 33/79 MP: 7/7
   552 | D        | Killed a troll
   553 | D        | Reached skill level 10 in Fighting
   553 | D        | Reached skill level 5 in Dodging
   905 | D        | Noticed a blink frog
   905 | D        | Noticed a komodo dragon
   905 | D        | Noticed a komodo dragon
   905 | D        | Reached **** piety under the Shining One
   905 | D        | Noticed a cane toad
   908 | D        | Noticed a cane toad
   911 | D        | Noticed a komodo dragon
   914 | D        | Reached skill level 10 in Armour
   917 | D        | Killed a komodo dragon
   918 | D        | Reached XP level 9. HP: 75/86 MP: 8/8
   922 | D        | Killed a komodo dragon
   925 | D        | Killed a cane toad
   926 | D        | Reached skill level 15 in Long Blades
   932 | D        | Killed a cane toad
   945 | D        | Killed a komodo dragon
  1138 | D        | Noticed a six-headed hydra
  1138 | D        | Noticed a polar bear
  1138 | D        | Reached ***** piety under the Shining One
  1138 | D        | Noticed a cane toad
  1138 | D        | Noticed an elephant
  1141 | D        | Reached skill level 1 in Invocations
  1141 | D        | Killed a six-headed hydra
  1141 | D        | Killed a polar bear
  1141 | D        | Noticed a cane toad
  1142 | D        | Reached XP level 10. HP: 75/99 MP: 8/11
  1236 | D        | Noticed a cane toad
  1237 | D        | Killed a cane toad
  1245 | D        | Killed an elephant
  1248 | D        | Killed a cane toad
  1254 | D        | Killed a cane toad
  1275 | D        | Reached skill level 5 in Invocations
  1288 | D        | Reached ****** piety under the Shining One
  1458 | D        | Noticed Erolcha
  1466 | D        | Killed Erolcha
  1618 | D        | Noticed Eustachio
  1627 | D        | Killed Eustachio
  1650 | D        | Noticed an orc knight
  1667 | D        | Killed an orc knight
  1668 | D        | Reached skill level 1 in Stealth
  1668 | D        | Reached XP level 11. HP: 47/110 MP: 13/15
  1923 | D        | Noticed an orc knight
  1950 | D        | Killed an orc knight
  2130 | D        | Found Lufof's Magic Scroll Emporium.
  2130 | D        | Noticed an orc sorcerer
  2130 | D        | Noticed an orc sorcerer
  2130 | D        | Noticed an orc sorcerer
  2130 | D        | Noticed an orc sorcerer
  2133 | D        | Killed an orc sorcerer
  2134 | D        | Noticed an orc sorcerer
  2136 | D        | Killed an orc sorcerer
  2137 | D        | Found Soific's Antique Weapon Shoppe.
  2137 | D        | Noticed an orc sorcerer
  2139 | D        | Noticed an orc sorcerer
  2140 | D        | Killed an orc sorcerer
  2141 | D        | Found Kearif's Distillery.
  2142 | D        | Killed an orc sorcerer
  2142 | D        | Noticed an orc sorcerer
  2143 | D        | Reached skill level 15 in Fighting
  2147 | D        | Noticed an orc sorcerer
  2151 | D        | Killed an orc sorcerer
  2153 | D        | Noticed a sun demon
  2159 | D        | Killed an orc sorcerer
  2167 | D        | Noticed an orc sorcerer
  2174 | D        | Killed an orc sorcerer
  2181 | D        | Killed an orc sorcerer
  2188 | D        | Killed an orc sorcerer
  2189 | D        | Paralysed by an orc sorcerer for 7 turns
  2195 | D        | HP: 2/113 [orc sorcerer/bolt of fire (27)]
  2198 | D        | Noticed a soul eater
  2208 | D        | Killed an orc sorcerer
  2212 | D        | Found Maweos's General Store.
  2549 | D        | Bought a potion of heal wounds for 60 gold pieces
  2549 | D        | Bought 2 potions of heal wounds for 120 gold pieces
  2549 | D        | Bought a scroll of magic mapping for 42 gold pieces
  2555 | D        | Bought a scroll of enchant armour for 82 gold pieces
  2555 | D        | Bought a scroll of fear for 38 gold pieces
  2558 | D        | Bought a runed long sword for 182 gold pieces
  2564 | D        | Bought a potion of might for 56 gold pieces
  2564 | D        | Bought a potion of curing for 42 gold pieces
  2564 | D        | Bought a potion of haste for 140 gold pieces
  2564 | D        | Bought a potion of curing for 42 gold pieces
  2564 | D        | Bought a potion of curing for 42 gold pieces
  2566 | D        | Bought a phantom mirror for 480 gold pieces
  2586 | D        | Bought a +0 tower shield for 54 gold pieces
  2643 | D        | Noticed Joseph
  2653 | D        | Killed Joseph
  2894 | D        | Noticed a catoblepas
  2894 | D        | Noticed a wizard
  2894 | D        | Noticed a centaur warrior
  2903 | D        | Noticed a rakshasa
  3046 | D        | Noticed a red very ugly thing
  3068 | D        | Killed a catoblepas
  3079 | D        | Killed a red very ugly thing
  3080 | D        | Reached skill level 15 in Shields
  3080 | D        | Reached XP level 12. HP: 65/124 MP: 18/18
  3083 | D        | Reached skill level 10 in Invocations
  3083 | D        | Noticed a fire dragon
  3083 | D        | Noticed a sphinx
  3088 | D        | Killed a centaur warrior
  3089 | D        | Noticed a tengu warrior
  3396 | D        | Killed a rakshasa
  3424 | D        | Killed a fire dragon
  3689 | D        | Killed a sphinx
  3719 | D        | Noticed a stone giant
  3731 | D        | Killed a stone giant
  3741 | D        | Killed a tengu warrior
  4001 | D        | Noticed a tengu warrior
  4007 | D        | Killed a tengu warrior
  4054 | D        | Noticed Donald
  4069 | D        | Killed Donald
  4070 | D        | Reached skill level 10 in Dodging
  4343 | D        | Noticed Urug
  4358 | D        | Killed Urug
  4611 | D        | Reached XP level 13. HP: 42/134 MP: 21/21
  4901 | D        | Noticed an eleionoma
  4901 | D        | Noticed an eleionoma
  4901 | D        | Noticed a bunyip
  4923 | D        | Noticed an eleionoma
  4931 | D        | Killed an eleionoma
  4934 | D        | Killed an eleionoma
  4954 | D        | Killed a bunyip
  4962 | D        | Killed an eleionoma
  5226 | D        | Noticed a ghost moth
  5240 | D        | Killed a ghost moth
  5858 | D        | Noticed Snorg
  5867 | D        | Killed Snorg
  5936 | D        | Noticed a frost giant
  5936 | D        | Noticed an ettin
  5951 | D        | Killed a frost giant
  5955 | D        | Noticed an ettin
  5965 | D        | Killed an ettin
  5996 | D        | Killed an ettin
  5997 | D        | Reached XP level 14. HP: 77/147 MP: 23/23
  5998 | D        | Noticed a frost giant
  6014 | D        | Killed a frost giant
  6019 | D        | Noticed a lich
  6038 | D        | Killed a lich
  6051 | D        | Noticed a stone giant
  6292 | D        | Killed a stone giant
  6293 | D        | Reached skill level 15 in Invocations
  6313 | D        | Noticed a sphinx
  6322 | D        | Killed a sphinx
  6528 | D        | Noticed a vault warden
  6528 | D        | Noticed an ironheart preserver
  6533 | D        | Killed a vault warden
  6549 | D        | Killed an ironheart preserver
  6556 | D        | Noticed a vault warden
  6576 | D        | Killed a vault warden
  6594 | D        | Noticed a fire giant
  6640 | D        | Killed a fire giant
  7010 | D        | Noticed Mennas
  7067 | D        | Killed Mennas
  7436 | D        | Reached skill level 15 in Armour
  7436 | D        | Reached XP level 15. HP: 112/160 MP: 26/26
  7750 | D        | Got a decaying rune of Zot
  8088 | D        | Noticed Ilsuiw
  8126 | D        | Killed Ilsuiw
  8137 | D        | Reached skill level 15 in Dodging
  8168 | D        | Got a barnacled rune of Zot
  8545 | D        | Reached skill level 1 in Throwing
  8549 | D        | Noticed a ghost moth
  8564 | D        | Killed a ghost moth
  8660 | D        | Got a gossamer rune of Zot
  8714 | D        | Noticed a nagaraja
  8714 | D        | Noticed a nagaraja
  8715 | D        | Noticed a nagaraja
  8717 | D        | Noticed a nagaraja
  8727 | D        | Killed a nagaraja
  8736 | D        | Killed a nagaraja
  8749 | D        | Killed a nagaraja
  8757 | D        | Killed a nagaraja
  9237 | D        | Got a serpentine rune of Zot
  9443 | D        | Noticed Margery
  9455 | D        | Killed Margery
  9456 | D        | Reached XP level 16. HP: 153/177 MP: 28/28
  9503 | D        | Noticed Xtahua
  9510 | D        | Paralysed by Xtahua for 6 turns
  9517 | D        | Killed Xtahua
  9714 | D        | Reached skill level 5 in Throwing
  9974 | D        | Noticed a sphinx
  9981 | D        | Killed a sphinx
  9993 | D        | Noticed a shadow dragon
 10003 | D        | Noticed a shadow dragon
 10018 | D        | Killed a shadow dragon
 10025 | D        | Killed a shadow dragon
 10026 | D        | Reached skill level 27 in Fighting
 10032 | D        | Reached skill level 27 in Long Blades
 10060 | D        | Identified the Incunabulum of Hexes and the Compass
 10214 | D        | Noticed a shadow dragon
 10214 | D        | Noticed a shadow dragon
 10214 | D        | Noticed a shadow dragon
 10214 | D        | Noticed an ancient lich
 10215 | D        | Found the brooch of Shielding {Spirit SH+8}
 10216 | D        | Killed a shadow dragon
 10217 | D        | Noticed a shadow dragon
 10229 | D        | Killed an ancient lich
 10231 | D        | Noticed a quicksilver dragon
 10234 | D        | Noticed a shadow dragon
 10246 | D        | Killed a shadow dragon
 10262 | D        | Killed a shadow dragon
 10263 | D        | Reached XP level 17. HP: 172/191 MP: 31/31
 10297 | D        | Killed a quicksilver dragon
 10302 | D        | Got a silver rune of Zot
 10321 | D        | Got an encrusted scale mail
 10327 | D        | Identified the +3 scale mail "Faunnohi" {rPois rC+ Dex+3
                  | Slay+2} (You found it in the Dungeon)
 10380 | D        | Noticed Jory
 10403 | D        | Killed Jory
 10438 | D        | Noticed Boris
 10448 | D        | Killed Boris
 10489 | D        | Got the ring of Tituwn {Fire *Drain rElec Str+8 Int-3}
 10491 | D        | Got the amulet "Jigg" {Reflect rF+ rN+ Dex+3 SH+5}
 10493 | D        | Got the ring "Ides" {*Drain rPois Str+4 Int+4}
 10495 | D        | Got the ring of the Nine Nightmares {+Fly rElec rC+++ EV+3
                  | Dex-2}
 10497 | D        | Got the ring of the Evening {rF+ AC+3 Dex+2}
 10631 | D        | Identified a +9 double sword of holy wrath (a +7 double
                  | sword blessed by the Shining One)
 10631 | D        | Received a gift from the Shining One
 10677 | D        | Noticed Louise
 10691 | D        | Killed Louise
 10732 | D        | Noticed Mara
 10735 | D        | Noticed mhtbhm's illusion
 10764 | D        | Noticed mhtbhm's illusion
 10764 | D        | Killed Mara
 10791 | D        | Noticed a juggernaut
 10803 | D        | Killed a juggernaut
 11126 | D        | Noticed a golden dragon
 11156 | D        | Killed a golden dragon
 11157 | D        | Reached skill level 27 in Dodging
 11166 | D        | Reached skill level 5 in Stealth
 11183 | D        | Noticed a tentacled monstrosity
 11187 | D        | Killed a tentacled monstrosity
 11196 | D        | Reached XP level 18. HP: 200/200 MP: 34/34
 11206 | D        | Reached skill level 27 in Invocations
 11354 | D        | Noticed a tentacled monstrosity
 11363 | D        | Reached skill level 10 in Throwing
 11366 | D        | Killed a tentacled monstrosity
 11476 | D        | Noticed a tentacled monstrosity
 11478 | D        | Killed a tentacled monstrosity
 11741 | D        | Noticed an Orb Guardian
 11741 | D        | Noticed an Orb Guardian
 11741 | D        | Noticed an Orb Guardian
 11741 | D        | Noticed an Orb Guardian
 11741 | D        | Noticed an Orb Guardian
 11741 | D        | Noticed an Orb Guardian
 11749 | D        | Killed an Orb Guardian
 11756 | D        | Killed an Orb Guardian
 11758 | D        | Killed an Orb Guardian
 11769 | D        | Killed an Orb Guardian
 11775 | D        | Killed an Orb Guardian
 11778 | D        | Killed an Orb Guardian
 11779 | D        | Noticed an Orb Guardian
 11780 | D        | Noticed an Orb Guardian
 11781 | D        | Noticed an Orb Guardian
 11782 | D        | Noticed an Orb Guardian
 11785 | D        | Killed an Orb Guardian
 11789 | D        | Killed an Orb Guardian
 11794 | D        | Killed an Orb Guardian
 11795 | D        | Reached skill level 27 in Armour
 11795 | D        | Reached skill level 10 in Stealth
 11801 | D        | Killed an Orb Guardian
 11809 | D        | Noticed a Killer Klown
 11809 | D        | Noticed an Orb Guardian
 11809 | D        | Noticed an Orb Guardian
 11813 | D        | Noticed an Orb Guardian
 11817 | D        | Noticed an Orb Guardian
 11821 | D        | Killed an Orb Guardian
 11821 | D        | Killed an Orb Guardian
 11828 | D        | Killed an Orb Guardian
 11833 | D        | Killed a Killer Klown
 11839 | D        | Killed an Orb Guardian
 11856 | D        | Noticed an ancient lich
 11858 | D        | Killed an ancient lich
 11859 | D        | Reached XP level 19. HP: 207/207 MP: 35/35
 11861 | D        | Noticed an orb of fire
 11872 | D        | Killed an orb of fire
 12025 | D        | Noticed an electric golem
 12033 | D        | Killed an electric golem
 12038 | D        | Noticed an orb of fire
 12045 | D        | Noticed an ancient lich
 12048 | D        | Reached skill level 15 in Stealth
 12057 | D        | Noticed an ancient lich
 12057 | D        | Paralysed by an ancient lich for 3 turns
 12062 | D        | Killed an ancient lich
 12064 | D        | Killed an ancient lich
 12067 | D        | Killed an orb of fire
 12088 | D        | Noticed a golden dragon
 12099 | D        | Killed a golden dragon
 12251 | D        | Reached skill level 27 in Throwing
 12390 | D        | Paralysed by a vampire knight for 4 turns
 12400 | D        | Reached XP level 20. HP: 201/216 MP: 36/36
 12401 | D        | Paralysed by a vampire knight for 6 turns
 12412 | D        | Paralysed by a vampire knight for 7 turns
 12420 | D        | Reached skill level 27 in Shields
 12948 | D        | Got an elven rune of Zot
 12987 | D        | Reached skill level 27 in Stealth
 12988 | D        | Reached skill level 1 in Short Blades
 12988 | D        | Reached skill level 1 in Axes
 12988 | D        | Reached skill level 1 in Maces & Flails
 12988 | D        | Reached skill level 1 in Polearms
 12988 | D        | Reached skill level 1 in Staves
 12988 | D        | Reached skill level 1 in Slings
 12988 | D        | Reached skill level 1 in Bows
 12988 | D        | Reached skill level 1 in Crossbows
 12988 | D        | Reached skill level 1 in Unarmed Combat
 13061 | D        | Noticed the Royal Jelly
 13066 | D        | Reached skill level 1 in Summonings
 13066 | D        | Reached skill level 1 in Transmutations
 13066 | D        | Reached skill level 1 in Fire Magic
 13067 | D        | Reached skill level 1 in Spellcasting
 13067 | D        | Reached skill level 1 in Hexes
 13067 | D        | Reached skill level 5 in Evocations
 13069 | D        | Killed the Royal Jelly
 13070 | D        | Reached skill level 5 in Short Blades
 13070 | D        | Reached skill level 5 in Axes
 13070 | D        | Reached skill level 5 in Maces & Flails
 13070 | D        | Reached skill level 5 in Polearms
 13070 | D        | Reached skill level 5 in Staves
 13088 | D        | Reached skill level 5 in Slings
 13122 | D        | Got a slimy rune of Zot
 13237 | D        | Reached skill level 5 in Transmutations
 13239 | D        | Reached skill level 5 in Summonings
 13239 | D        | Reached skill level 5 in Fire Magic
 13250 | D        | Paralysed by a sphinx for 5 turns
 13259 | D        | Reached skill level 5 in Spellcasting
 13259 | D        | Reached skill level 5 in Hexes
 13312 | D        | Reached XP level 21. HP: 217/224 MP: 37/37
 13585 | D        | Noticed a royal mummy
 13591 | D        | Killed a royal mummy
 13592 | D        | Reached skill level 10 in Axes
 13592 | D        | Reached skill level 10 in Maces & Flails
 13592 | D        | Reached skill level 10 in Polearms
 13940 | D        | Noticed a royal mummy
 13940 | D        | Noticed a royal mummy
 13940 | D        | Noticed a royal mummy
 13940 | D        | Noticed a royal mummy
 13944 | D        | Reached skill level 10 in Staves
 13947 | D        | Killed a royal mummy
 13947 | D        | Lost intelligence.
 13948 | D        | Reached skill level 10 in Short Blades
 13952 | D        | Killed a royal mummy
 13954 | D        | Killed a royal mummy
 13955 | D        | Reached skill level 10 in Slings
 13959 | D        | Killed a royal mummy
 13960 | D        | Reached skill level 10 in Evocations
 14328 | D        | Got a golden rune of Zot
 14429 | D        | Got an abyssal rune of Zot
 14556 | D        | Noticed Geryon
 14563 | D        | Killed Geryon
 14568 | D        | Learned a level 1 spell: Corona
 14572 | D        | Learned a level 3 spell: Inner Flame
 14576 | D        | Learned a level 3 spell: Portal Projectile
 14582 | D        | Learned a level 5 spell: Summon Mana Viper
 14586 | D        | Learned a level 3 spell: Lesser Beckoning
 14592 | D        | Learned a level 5 spell: Summon Forest
 14592 | D        | Noticed Lom Lobon
 14592 | D        | Noticed Antaeus
 14607 | D        | Noticed Gloorx Vloq
 14616 | D        | Identified the +7 sceptre of Asmodeus
 14616 | D        | Noticed Asmodeus
 14617 | D        | Killed Lom Lobon
 14632 | D        | Killed Antaeus
 14633 | D        | Reached skill level 10 in Transmutations
 16681 | D        | Killed Gloorx Vloq
 16682 | D        | Reached skill level 10 in Summonings
 16682 | D        | Reached skill level 10 in Fire Magic
 17072 | D        | Identified the +4 staff of Dispater
 17072 | D        | Noticed Dispater
 17091 | D        | Killed Asmodeus
 17092 | D        | Reached skill level 10 in Spellcasting
 17092 | D        | Reached skill level 10 in Hexes
 17103 | D        | Killed Dispater
 17204 | D        | Identified the +6 sword of Cerebov {flame}
 17204 | D        | Noticed Cerebov
 17620 | D        | Killed Cerebov
 17621 | D        | Reached XP level 22. HP: 188/233 MP: 38/38
 17804 | D        | Got a magical rune of Zot
 17808 | D        | Got an icy rune of Zot
 17810 | D        | Noticed Ereshkigal
 17826 | D        | Killed Ereshkigal
 17827 | D        | Reached skill level 15 in Evocations
 17828 | D        | Got an obsidian rune of Zot
 17832 | D        | Got a dark rune of Zot
 18016 | D        | Got an iron rune of Zot
 18018 | D        | Noticed Mnoleg
 18036 | D        | Killed Mnoleg
 18038 | D        | Got a bone rune of Zot
 18042 | D        | Got a glowing rune of Zot
 18049 | D        | Got a fiery rune of Zot
 18458 | D        | Got the Orb of Zot
 18993 | D        | Reached skill level 15 in Transmutations
 19446 | D        | Noticed Tedoavyt the pandemonium lord
 19457 | D        | Killed Tedoavyt the pandemonium lord
 19458 | D        | Reached skill level 15 in Summonings
 19568 | D        | Reached skill level 15 in Fire Magic
 20309 | D        | Escaped with the Orb!

Illustrated notes

Levels and vault maps discovered:
D:        linesprint [early_d, line_temple, items_1, d_10, items_2, lair_1,
          lair_end, items_3, orc_1, orc_end, items_4, d_15, swamp_1, shoals_1,
          snake_1, spider_1, d_20, vaults_1, items_5, swamp_end, shoals_end,
          snake_end, spider_end, vaults_end, d_27, items_6, zot_1, zot_end,
          crypt_end, forest_end, elf_end, slime_end, tomb_end, abyss_end,
          pan_hell_end]

Skill      XL: |  1  2  3  4  5  6  7  8  9 10 11 12 13 14 15 16 17 18 19 20 21 22 |
---------------+-------------------------------------------------------------------+-----
Fighting       | 5 6 7 8 9 10 12 14 16 18 19 21 24 27 | 27.0
Armour         | 5 6 7 8 9 10 11 12 13 14 15 16 19 27 | 27.0
Shields        | 5 7 8 9 10 11 12 13 15 17 20 23 25 27 | 27.0
Long Blades    | 3 5 6 8 9 12 14 16 18 19 20 21 23 25 27 | 27.0
Dodging        | 1 2 3 4 5 6 7 8 10 12 13 17 21 27 | 27.0
Evocations     | 1 2 3 4 8 14 18 | 18.5
Invocations    | 3 6 9 12 14 16 19 22 26 27 | 27.0
Stealth        | 1 2 3 5 13 22 27 | 27.0
Throwing       | 4 5 8 19 27 | 27.0
Short Blades   | 8 11 | 11.5
Axes           | 9 12 | 12.4
Maces & Flails | 9 12 | 12.4
Polearms       | 9 12 | 12.4
Staves         | 8 11 | 11.8
Slings         | 8 10 | 10.9
Bows           | 1 |  1.0
Crossbows      | 1 |  1.0
Unarmed Combat | 1 |  1.1
Summonings     | 5 12 15 | 15.9
Transmutations | 6 13 17 | 17.1
Fire Magic     | 5 12 15 | 15.6
Spellcasting   | 5 11 14 | 14.7
Hexes          | 5 11 14 | 14.7
Conjurations   | |  0.5
Necromancy     | |  0.7
Translocations | |  0.7
Ice Magic      | |  0.7
Air Magic      | |  0.7
Earth Magic    | |  0.8
Poison Magic   | |  0.7

Action                   |  1- 3 |  4- 6 |  7- 9 | 10-12 | 13-15 | 16-18 | 19-21 | 22-24 || total
-------------------------+-------+-------+-------+-------+-------+-------+-------+-------++-------
Melee: Long sword        |    28 |     9 |       |       |       |       |       |       ||    37
       Headbutt          |     1 |     5 |    10 |    53 |   189 |   240 |   129 |    40 ||   667
       Scimitar          |       |    14 |    59 |   337 |   662 |   330 |       |       ||  1402
       Double sword      |       |       |       |       |       |   324 |   351 |   167 ||   842
Throw: Javelin           |       |       |       |       |     7 |     5 |    34 |       ||    46
Invok: Cleansing Flame   |       |       |       |     1 |     3 |     1 |    17 |     2 ||    24
       Summon Divine War |       |       |       |     1 |       |       |     3 |       ||     4
       Divine Shield     |       |       |       |       |     4 |     1 |     4 |       ||     9
       Brand Weapon With |       |       |       |       |       |     1 |       |       ||     1
 Abil: Stop Flying       |       |       |       |     1 |       |       |       |       ||     1
Evoke: Wand              |       |       |     7 |     3 |       |       |       |       ||    10
       Phantom mirror    |       |       |       |     1 |     2 |       |       |       ||     3
  Use: Potion            |       |       |     2 |     7 |    12 |       |    11 |     3 ||    35
       Scroll            |       |       |     1 |     1 |     2 |     3 |    13 |       ||    20
Armor: Scale mail        |    15 |     6 |    24 |    36 |       |    20 |    78 |     8 ||   187
       Swamp dragon scal |       |       |       |    27 |   100 |    31 |       |       ||   158
       Skin              |       |       |       |       |     1 |       |       |       ||     1
Dodge: Dodged            |    12 |     6 |    27 |    59 |   216 |   123 |   127 |    38 ||   608
Block: Kite shield       |    14 |     8 |    31 |    54 |       |       |       |       ||   107
       Tower shield      |       |       |       |   109 |   659 |   445 |   337 |   147 ||  1697
       Reflection        |       |       |       |       |    10 |     4 |     7 |       ||    21
       Rpst.: Long sword |     5 |     2 |       |       |       |       |       |       ||     7
       Scimitar          |       |     2 |     2 |    13 |    29 |    13 |       |       ||    59
       Double sword      |       |       |       |       |       |    18 |    19 |     2 ||    39

Table legend: (Time is in decaauts) A = Elapsed time spent in this place. B = Non-inter-level travel time spent in this place. C = Inter-level travel time spent in this place. D = Time resting spent in this place. E = Time spent auto-exploring this place. F = Levels seen in this place. G = Mean time per level. A B C D E F G +--------+--------+--------+--------+--------+-----+--------+ Total | 19651 | 18269 | 1382 | 9485 | 1924 | 1 | 19651.0 | Dungeon | 19651 | 18269 | 1382 | 9485 | 1924 | 1 | 19651.0 | +--------+--------+--------+--------+--------+-----+--------+

Top non-repeatable levels by time:
       D: 19651 daAuts
